Map: Acid Plant LE

Players

dogsquad

  • Race: Protoss Protoss
  • League: Gold
  • Spawn Location: 11:00

fruitcake - Winner!

  • Race: Zerg Zerg
  • Spawn Location: 5:00

VOD

Have the link to the VOD?

Description

Time

  • Played on: May 8, 2018, 3:42 p.m.
  • Length: 10:34
Show
View Real Time Build Order
Export as new Build Order

dogsquad Protoss 

Build Orders: Nexus First 

Get SALT Encoding   

  12  0:40  Pylon  
  12  0:44  Probe  
  13  0:53  Probe  
  14  0:58  Nexus  
  14  1:16  Forge  
  14  1:28  Pylon  
  14  1:38  Gateway  
  14  1:47  Gateway  
  14  2:33  Photon Cannon  
  14  2:36  Zealot  
  14  2:37  Zealot  
  18  2:43  Photon Cannon  
  18  2:54  Pylon  
  18  2:56  Probe x2  
  20  3:04  Assimilator  
  20  3:08  Probe x2  
  22  3:18  Assimilator  
  22  3:21  Probe  
  22  3:23  Pylon, Probe  
  24  3:29  Probe  
  25  3:35  Probe  
  25  3:37  Probe  
  26  3:45  Cybernetics Core  
  27  3:55  Probe x2  
  29  3:58  Zealot  
  29  4:00  Zealot  
  33  4:05  Probe  
  33  4:07  Probe  
  35  4:14  Probe  
  35  4:15  Probe  
  35  4:22  Probe  
  35  4:23  Probe  
  37  4:29  Adept  
  41  4:32  Sentry  
  41  4:33  Probe  
  41  4:38  Assimilator  
  44  4:39  Assimilator, Probe  
  45  4:50  Probe x2  
  45  4:58  Probe x2  
  47  5:04  Stalker  
  47  5:05  Sentry  
  52  5:10  Probe  
  52  5:11  Probe  
  54  5:17  Shield Battery  
  54  5:39  Pylon  
  54  5:45  Robotics Facility  
  54  5:47  Robotics Facility  
  54  5:57  Stalker, Probe, Sentry  
  59  6:01  Pylon  
  59  6:08  Pylon  
  59  6:21  Pylon  
  59  6:23  Stalker  
  61  6:27  Sentry  
  63  6:34  Pylon  
  63  6:36  Immortal x2  
  71  6:49  Probe  
  71  6:50  Probe  
  73  6:57  Probe  
  73  6:58  Probe  
  73  7:06  Twilight Council, Probe x2  
  77  7:18  Stargate x2  
  77  7:19  Pylon  
  77  7:22  Probe x2  
  79  7:24  Immortal  
  83  7:34  Probe  
  84  8:08  Nexus  
  84  8:10  Assimilator  
  84  8:14  Assimilator  
  84  8:18  Pylon  
  84  8:22  Pylon  
  84  8:25  Pylon  
  84  8:26  Probe x2  
  86  8:30  Immortal x2  
  86  8:33  Phoenix x2  
  98  8:38  Probe x2  
  100  8:53  Stargate x2  
  100  8:57  Sentry  
  102  9:13  Void Ray  
  106  9:19  Observer  
  106  9:22  Zealot  
  106  9:23  Zealot  
  110  9:39  Photon Cannon x2  
  110  9:45  Photon Cannon x2  
  110  9:50  Shield Battery  
  110  9:54  Shield Battery  
  110  9:59  Photon Cannon  
  110  10:01  Photon Cannon  
  110  10:04  Shield Battery  
  110  10:10  Photon Cannon  
  110  10:11  Probe x2  
  128  10:26  Fleet Beacon  
Show
View Real Time Build Order
Export as new Build Order

fruitcake Zerg - Winner!

Build Orders: Pool First 

Get SALT Encoding   

  12  0:01  Drone  
  13  0:12  Overlord  
  13  0:17  Drone  
  14  0:25  Drone, Extractor  
  14  0:30  Drone  
  15  0:44  Spawning Pool  
  15  0:49  Drone  
  15  0:53  Drone  
  16  1:18  Hatchery  
  15  1:22  Drone  
  15  1:24  Drone  
  17  1:32  Zergling x2  
  18  1:43  Zergling x2  
  19  1:49  Zergling x2  
  21  2:01  Zergling x2  
  21  2:06  Zergling x2  
  22  2:13  Metabolic Boost  
  22  2:19  Overlord  
  22  2:30  Drone  
  22  2:31  Drone, Queen  
  22  2:33  Queen  
  28  2:43  Zergling x2  
  29  2:53  Drone x3  
  32  3:02  Drone  
  32  3:03  Roach Warren  
  32  3:10  Drone  
  33  3:14  Drone x2  
  35  3:20  Extractor  
  35  3:21  Drone  
  35  3:24  Drone  
  36  3:37  Overlord  
  36  3:45  Overlord  
  36  3:46  Overlord  
  36  3:55  Spore Crawler  
  35  4:00  Spore Crawler  
  34  4:04  Drone x3, Extractor  
  34  4:06  Drone  
  34  4:07  Drone x2  
  39  4:10  Spore Crawler  
  38  4:23  Drone x2  
  40  4:30  Spore Crawler  
  39  4:32  Drone x2  
  41  4:39  Roach x3  
  41  4:41  Roach  
  49  5:02  Hatchery  
  49  5:04  Roach x6  
  60  5:28  Overlord x3  
  60  5:41  Roach  
  60  5:44  Lair  
  62  5:50  Roach x3  
  62  5:53  Ravager  
  62  5:55  Ravager  
  62  5:56  Ravager  
  69  5:59  Ravager  
  69  6:05  Ravager x2  
  71  6:12  Drone x2  
  71  6:13  Drone x2  
  71  6:15  Roach x4  
  71  6:16  Roach  
  85  6:20  Drone  
  85  6:21  Extractor  
  85  6:27  Drone x2  
  87  6:33  Queen  
  89  6:46  Drone, Spire  
  89  6:49  Overlord x2  
  89  6:50  Overlord  
  89  6:56  Extractor  
  89  6:59  Ravager  
  89  7:00  Ravager  
  90  7:07  Spore Crawler  
  89  7:09  Spore Crawler  
  89  7:11  Drone x3  
  91  7:19  Drone x4  
  91  7:20  Drone  
  96  7:26  Evolution Chamber  
  96  7:28  Evolution Chamber  
  96  7:29  Glial Reconstitution  
  94  7:51  Spire  
  93  8:00  Zerg Ground Armor Level 1  
  93  8:15  Drone  
  93  8:16  Drone x2  
  93  8:17  Drone x2  
  93  8:18  Drone x2  
  100  8:21  Extractor  
  100  8:24  Drone  
  100  8:29  Mutalisk  
  100  8:30  Mutalisk, Corruptor  
  106  8:39  Drone x2  
  108  8:53  Drone  
  108  8:54  Spine Crawler  
  108  8:55  Spine Crawler  
  107  9:04  Corruptor  
  107  9:05  Corruptor x2  
  107  9:08  Overlord  
  107  9:09  Overlord x4  
  113  9:13  Drone  
  114  9:30  Hydralisk Den  
  113  9:36  Infestation Pit  
  112  9:43  Mutalisk, Corruptor x2  
  118  9:47  Drone x4  
  118  9:50  Drone  
  118  9:51  Drone  
  124  10:09  Hydralisk x2  
  130  10:15  Hatchery  
Tags
 
Add a new tag
Caveats
  • Supply blocks, unpowered buildings, or Contaminate may cause inaccurate times.
  • Supply counts are checked every 10 seconds.